Description

Basic Terran safe opening. Gets you a fast expansion while developing Siege Tanks as fast as possible, and double-pumping Marines. The order of buildings ensures your economy will develop quickly, and gives you maximum flexibility to: Push at 5-mins with an army; Tech into double-pumped Liberators by 6:30-mins; or Tech into fast Battlecruisers by 8-mins.

Build Order

Get SALT Encoding   

  14  0:20  Supply Depot Starts Wall at Natural  
  15  0:32  Refinery Main 1  
  16  0:46  Barracks Wall at Natural  
  17  0:55  SCV SCVs to Refinery 1  
  18  1:14  Supply Depot Wall at Natural  
  20  1:38  Marine  
  21  1:40  Factory Comples Wall at Natural  
  23  1:56  Marine  
  25  2:10  Command Center Natural  
  26  2:12  Marine  
  27  2:15  Refinery Main 2  
  28  2:28  Factory Tech Lab  
  29  2:30  Barracks Reactor  
  29  2:32  Supply Depot Darkness in Main  
  30  2:35  SCV SCVs to Refinery 2  
  31  2:50  Siege Tank  
  33  2:53  Marine x2  
  33  2:55  Orbital Command Main  
  35  3:15  Orbital Command Natural  
  35  3:17  Marine x2  
  37  3:25  Siege Tank  
  40  3:38  Marine x2  
  41  3:40  Supply Depot  
  43  3:53  Marine x2  
  49  4:07  Siege Tank  
  49  4:09  Supply Depot  
  53  4:18  Barracks  
  57  4:30  Siege Tank  
  59  4:32  Marine x2  
  62  4:48  Command Center  
  62  4:50  Marine x2  
  62  4:52  Starport  
  64  5:00  Barracks Tech Lab  
Spawning Tool Build Advisor. Get it on Overwolf

Go to:

Details

  • Created by: Papadiche  
  • Published on: Nov 18, 2019
  • Modified on: Nov 18, 2019
  • Patch: 4.7.1
Show
View Real Time Build Order
Export as new Build Order

Comments (0)

There are no comments. Be the first!

Create an account to comment!